 Dungeon Crawl Stone Soup version 0.30-a0-760-g5a9884bb7c (webtiles) character file.

Game seed: 11533530040912233207

361 kingofthe the Conjurer (level 6, -1/36 HPs)
             Began as an Octopode Conjurer on Feb 11, 2023.
             Was an Initiate of Sif Muna.
             Frozen to death by an endoplasm (3 damage)
             ... on level 4 of the Dungeon.
             The game lasted 00:12:43 (3702 turns).

kingofthe the Conjurer (Octopode Conjurer)          Turns: 3702, Time: 00:12:43

Health: -1/36      AC:  1    Str:  6    XL:     6   Next: 66%
Magic:  12/12      EV: 14    Int: 21    God:    Sif Muna [......]
Gold:   337        SH:  0    Dex: 12    Spells: 10/13 levels left

rFire   . . .      SeeInvis .    l - +0 short sword (venom)
rCold   . . .      Faith    .    (no shield)
rNeg    . . .      Spirit   .    (helmet restricted)
rPois   +          Reflect  .    p - amulet of regeneration
rElec   .          Harm     .    r - ring of poison resistance
rCorr   .          Rampage  .    (no ring)
Will    .....                    (no ring)
Stlth   ++++                     (no ring)
HPRegen 1.06/turn                (no ring)
MPRegen 0.13/turn                (no ring)
                                 (no ring)
                                 (no ring)

@: no status effects
A: almost no armour, amphibious, 8 rings, camouflage 1, gelatinous body 1,
(nimble swimmer 1), tentacles
a: Renounce Religion


You were on level 4 of the Dungeon.
You worshipped Sif Muna.
Sif Muna was noncommittal.
You visited 1 branch of the dungeon, and saw 4 of its levels.
You also visited: Ossuary.

You collected 337 gold pieces.

Inventory:

Hand Weapons
 l - a +0 short sword of venom (weapon)
Armour
 g - a +0 kite shield
Jewellery
 p - an amulet of regeneration (around mantle)
 r - a ring of poison resistance (left tentacle)
Wands
 k - a wand of charming (6)
Scrolls
 b - a scroll of immolation
 c - a scroll of enchant weapon
 i - a scroll of silence {unknown}
 n - 5 scrolls of identify
Potions
 a - a potion of magic
 d - 3 potions of invisibility {unknown}
 e - a potion of haste {unknown}
 f - a potion of flight {unknown}
 h - 4 potions of curing
 m - 3 potions of attraction {unknown}
 o - a potion of brilliance {unknown}
 q - a potion of berserk rage
 s - a potion of might {unknown}


   Skills:
 * Level 4.0 Dodging
 + Level 4.7 Stealth
 * Level 4.0 Spellcasting
 + Level 4.8 Conjurations


You had 10 spell levels left.
You knew the following spells:

 Your Spells              Type           Power      Damage    Failure   Level
a - Magic Dart            Conj           96%        1d7       1%          1
b - Searing Ray           Conj           48%        2d6       2%          2

Your spell library contained the following spells:

 Spells                   Type           Power      Damage    Failure   Level
 Dazzling Flash           Conj/Hex       28%        N/A       13%         3
 Ozocubu's Armour         Ice            4%         N/A       34%         3
 Fulminant Prism          Conj/Hex       7%         3d7       41%         4
 Iskenderun's Mystic Bla  Conj/Tloc      14%        2d5       41%         4
 Ozocubu's Refrigeration  Ice            2%         4d7       100%        7


Dungeon Overview and Level Annotations

Branches:
Dungeon (4/15)            Ossuary (visited)
 Temple: D:4-7

Altars:
Cheibriados
Sif Muna
Zin

Shops:
D:3 (*

Annotations:
D:3 exclusion: door
D:4 Grinder, Menkaure


Innate Abilities, Weirdness & Mutations

You cannot wear most types of armour.
You are amphibious.
You can wear up to eight rings at the same time.
Your skin changes colour to match your surroundings (Stealth+).
Your rubbery body absorbs attacks. (AC +1, EV +1)
((You are camouflaged when in or above water. (Stealth+)))
You have tentacles for arms and can constrict up to eight enemies at once.


Message History

You grab the giant cockroach. You constrict the giant cockroach.
The phantom hits you. The jackal closely misses you.
The giant cockroach bites you.
You release your grip on the giant cockroach.
The giant cockroach bites you.
Found a scroll of vulnerability.
The giant cockroach closely misses you.
Menkaure calls on the powers of darkness!
The giant cockroach convulses!
Your body is wracked with pain!
The adder convulses!
The jackal convulses!
The adder convulses! x2
The giant cockroach convulses!
The endoplasm convulses!
The jackal bites you.
* * * LOW HITPOINT WARNING * * *
As you read the scroll labelled TEONOL VUETOH, it crumbles to dust.
The creatures around you are filled with an inner flame!
It was a scroll of immolation.
The giant cockroach bites you.
* * * LOW HITPOINT WARNING * * *
Menkaure closely misses you. The jackal bites you.
* * * LOW HITPOINT WARNING * * *
The phantom hits you.
* * * LOW HITPOINT WARNING * * *
The adder closely misses you. The giant cockroach bites you.
* * * LOW HITPOINT WARNING * * *
Menkaure closely misses you. Menkaure attacks as you move away!
Menkaure barely misses you. The endoplasm misses you.
The jackal bites you but does no damage.
Found 16 gold pieces.
The endoplasm closely misses you. The adder misses you.
The endoplasm attacks as you move away! The endoplasm hits you.
* * * LOW HITPOINT WARNING * * *
Menkaure giggles, "These cerements are ticklish..."
As you read the scroll labelled ROWEGOYCRO, it crumbles to dust.
It is a scroll of enchant weapon.
Really abort (and waste the scroll)? [Y]es or [N]o only, please.
Really abort (and waste the scroll)?
Okay, then.
The adder bites you.
* * * LOW HITPOINT WARNING * * *
The endoplasm freezes you.
You are frozen.
You die...

*....#######.#.#....#...#.,*,,,**
##...#~~~~~#...#........#,**,,,,*
#....#~~.~~'........###.,,***,*,,
##...#~~~~~#............,,*,,,*,,
#....#######............,,,*,,,,,
................B.......,,,,,,,,,
*,*#..........BBS.......,,,,,,,,,
#.*##.....#....WSS......,,,,,,,,,
#..#......#...MJ@.......,,,,,*,,,
*#.............h.......#*,,,,*,,,
##........#.#.......?..#*,,,,*,,,
....#.#.####..........$.,,,,,,,*,
#..#..#.#.##............***,,****
#.###.....##.#..........,*,,,,**,
..,##........###.$......,*,**,***
..##.......###*.........,,,*,,,,,
,...........###...,,,*,,,,,,,,,,,


You could see a phantom (inner flame), Menkaure (fast, inner flame), 3 adders,
an endoplasm (inner flame), a jackal (inner flame) and 3 giant cockroaches.

Vanquished Creatures
  An elf zombie (Ossuary)
  5 human zombies (Ossuary)
  4 mummies (Ossuary)
  2 adders (D:3)
  An adder zombie (Ossuary)
  A worm (D:2)
  3 dart slugs
  5 orcs
  6 ball pythons
  3 bats
  3 endoplasms
  3 giant cockroaches
  A gnoll zombie (Ossuary)
  6 hobgoblins
  3 jackals (D:2)
  2 quokkas
  2 frilled lizards
  7 goblins
  A goblin zombie (Ossuary)
  A jackal zombie (Ossuary)
  A kobold (D:2)
  2 kobold zombies (Ossuary)
  4 rats
67 creatures vanquished.

Vanquished Creatures (others)
  2 fungi (D:1)
  5 toadstools (D:1)
7 creatures vanquished.

Grand Total: 74 creatures vanquished

Notes
Turn   | Place    | Note
-------+----------+-------------------------------------------
     0 | D:1      | kingofthe the Octopode Conjurer began the quest for the
                  | Orb.
     0 | D:1      | Reached XP level 1. HP: 11/11 MP: 3/3
   243 | D:1      | Reached XP level 2. HP: 17/17 MP: 3/5
   246 | D:1      | Learned a level 2 spell: Searing Ray
   911 | D:2      | Reached XP level 3. HP: 21/21 MP: 0/6
  1035 | D:2      | Found a glowing silver altar of Zin.
  2455 | D:3      | Reached XP level 4. HP: 27/27 MP: 6/8
  2538 | D:3      | Found a snail-covered altar of Cheibriados.
  2559 | D:3      | Found Gadwuimm's General Store.
  2682 | D:3      | Found a shimmering blue altar of Sif Muna.
  2686 | D:3      | Became a worshipper of Sif Muna the Loreminder
  2827 | D:3      | Found Qumaob's Weapon Shoppe.
  2994 | D:4      | Noticed Menkaure
  2994 | D:4      | Noticed Grinder
  3023 | D:4      | Found a sand-covered staircase.
  3036 | Ossuary  | Entered an ossuary
  3107 | Ossuary  | Reached XP level 5. HP: 28/31 MP: 9/9
  3216 | Ossuary  | Reached XP level 6. HP: 29/36 MP: 4/11
  3702 | D:4      | Frozen to death by an endoplasm

Illustrated notes

Levels and vault maps discovered:
D:1:      moated_graveyard_arrival, layout_basic, minmay_gold_behind_fungi,
          minmay_pentomino_p2
D:2:      layout_basic, basic_altar
D:3:      layout_rooms, led_sif_book, kennysheep_slug_shrine, serial_shops,
          nicolae_shop_bloodbath_and_beyond, nicolae_square_shop
D:4:      layout_cave_pools, lemuel_round_altar, enter_ossuary_1,
          gup_sewer_entry_glass, uniq_duvessa, uniq_menkaure, uniq_sigmund,
          uniq_grinder

Skill      XL: |  1  2  3  4  5  6 |
---------------+-------------------+-----
Stealth        | 3 4 |  4.7
Spellcasting   | 3 4 |  4.0
Dodging        | 3 4 |  4.0
Conjurations   | |  4.8

Action                     |  1- 3 |  4- 6 || total
---------------------------+-------+-------++-------
  Melee: Tentacles         |     3 |    19 ||    22
         Constrict         |     2 |    17 ||    19
         Dagger            |     1 |       ||     1
         Short sword       |     2 |    69 ||    71
         Punch             |       |     1 ||     1
   Cast: Magic Dart        |    69 |    39 ||   108
         Searing Ray       |     6 |    10 ||    16
    Use: Scroll            |       |    11 ||    11
 Armour: Skin              |     2 |     8 ||    10
  Dodge: Dodged            |    10 |    70 ||    80

Table legend: (Time is in decaauts)
 A = Elapsed time spent in this place.
 B = Non-inter-level travel time spent in this place.
 C = Inter-level travel time spent in this place.
 D = Time resting spent in this place.
 E = Time spent auto-exploring this place.
 F = Levels seen in this place.
 G = Mean time per level.
                   A        B        C        D        E       F      G
               +--------+--------+--------+--------+--------+-----+--------+
         Total |   3702 |   3516 |    186 |    303 |   2501 |   5 |  740.4 |
       Dungeon |   3138 |   2952 |    186 |    263 |   2312 |   4 |  784.5 |
       Ossuary |    563 |    563 |      0 |     40 |    189 |   1 |  563.0 |
               +--------+--------+--------+--------+--------+-----+--------+

Top non-repeatable levels by time:
     D:2: 1239 daAuts
     D:3: 958 daAuts
     D:1: 845 daAuts
 Ossuary: 563 daAuts
     D:4: 94 daAuts
